[Event "Saturday 28 April Rapid Engine Tour 12+1 Rounds 9 Starts 1600ST"]
[Site "Infinity Chess"]
[Date "2018.4.28"]
[Round "7"]
[White "Murx"]
[Black "KQRBNP"]
[Result "1-0"]
[ECO "A05"]
[WhiteElo "2496"]
[BlackElo "2311"]
[WhiteEngine "asmFishW_2018-04-07_popcnt"]
[BlackEngine "Eman 1.70-beta27 64-bit POPCNT"]
[EventType "Swiss"]
[WhiteTeam ""]
[BlackTeam ""]
[PlyCount "109"]
[TimeControl "720+1"]

1. Nf3 Nf6 2. d4 d5 3. e3 e6 4. b3 c5 5. Bb2 Nc6 6. Nbd2 cxd4 7. exd4 Bd6 
8. Bd3 b6 9. Ne5 Bb7 10. a3 Nd7 11. f4 O-O 12. O-O Nf6 13. c3 Ne7 14. Qe2 Rc8 
15. a4 Nf5 16. g4 Nh4 17. Rae1 Rc7 18. Qf2 Ng6 19. Qg3 Ne4 20. Nxe4 dxe4 
21. Nxg6 fxg6 22. Bxe4 Bxe4 23. Rxe4 g5 24. Rxe6 Bxf4 25. Qg2 Re7 26. Qc6 Bxh2+ 
27. Kg2 Rxf1 28. Kxf1 Kf7 29. Re2 Bf4 30. Qc4+ Kf6 31. d5 Qd6 32. Qd4+ Kf7 
33. c4 Kf8 34. Rxe7 Qxe7 35. Qd3 Ke8 36. Qxh7 Be5 37. Bc1 Bf4 38. Bb2 Be5 
39. Qg8+ Kd7 40. Bxe5 Qxe5 41. Qf7+ Kd6 42. Qf8+ Kc7 43. b4 a5 44. bxa5 bxa5 
45. Qc5+ Kb7 46. Qb5+ Kc8 47. Qc6+ Kb8 48. Qb6+ Ka8 49. Qxa5+ Kb7 50. Qb4+ Kc8 
51. Qf8+ Kb7 52. d6 Qa1+ 53. Kg2 Qb2+ 54. Qf2 Qc1 55. a5 1-0

[Event "Saturday 28 April Rapid Engine Tour 12+1 Rounds 9 Starts 1600ST"]
[Site "Infinity Chess"]
[Date "2018.4.28"]
[Round "7"]
[White "Eman"]
[Black "hafaba"]
[Result "1/2-1/2"]
[ECO "B90"]
[WhiteElo "2462"]
[BlackElo "2391"]
[WhiteEngine "Eman 1.70-beta27 64-bit BMI2"]
[BlackEngine "Eman 1.70-beta21 64-bit POPCNT_CTG"]
[EventType "Swiss"]
[WhiteTeam ""]
[BlackTeam ""]
[PlyCount "99"]
[TimeControl "720+1"]

1. e4 c5 2. Nf3 d6 3. d4 cxd4 4. Nxd4 Nf6 5. Nc3 a6 6. h3 e5 7. Nde2 h5 
8. Be3 Nbd7 9. a4 Qa5 10. Bd2 Qb6 11. a5 Qc6 12. f3 b5 13. axb6 Nxb6 14. Nc1 Be7 
15. Bd3 O-O 16. O-O Be6 17. b3 a5 18. Kh1 Rfb8 19. Qe2 h4 20. f4 exf4 
21. Rxf4 Rc8 22. Rxh4 Nfd7 23. Rh5 Bf6 24. N1a2 g6 25. Rb5 Nc5 26. Rf1 Bg7 
27. Qe3 Qc7 28. Ne2 a4 29. Bc3 Nbd7 30. Bxg7 Kxg7 31. Nf4 axb3 32. Nb4 Ne5 
33. cxb3 Bxb3 34. Nbd5 Bxd5 35. Nxd5 Qd8 36. Bb1 Rcb8 37. Rxb8 Rxb8 38. Bc2 Ncd7 
39. Ba4 Nc5 40. Bc2 Ra8 41. Kh2 Ra2 42. Nb4 Ra8 43. Nd5 Ra2 44. Nb4 Ra8 
45. Qd2 Ra3 46. Nd5 Qh4 47. Nc7 Qd8 48. Nd5 Ra2 49. Nb4 Ra3 50. Nd5 1/2-1/2

[Event "Saturday 28 April Rapid Engine Tour 12+1 Rounds 9 Starts 1600ST"]
[Site "Infinity Chess"]
[Date "2018.4.28"]
[Round "7"]
[White "Dovahkiin"]
[Black "KhalidOmar"]
[Result "1/2-1/2"]
[ECO "B90"]
[WhiteElo "2366"]
[BlackElo "2461"]
[WhiteEngine "BrainFish_180423_x64_modern_CTG"]
[BlackEngine "Eman 1.70-beta27 64-bit BMI2"]
[EventType "Swiss"]
[WhiteTeam ""]
[BlackTeam ""]
[PlyCount "121"]
[TimeControl "720+1"]

1. e4 c5 2. Nf3 d6 3. d4 cxd4 4. Nxd4 Nf6 5. Nc3 a6 6. Nb3 e6 7. g4 b5 
8. Bg2 Bb7 9. g5 b4 10. Nd5 exd5 11. gxf6 dxe4 12. Rg1 h5 13. Bxe4 Bxe4 
14. fxg7 Bxg7 15. Rxg7 Qe7 16. Be3 Nc6 17. Qe2 Rc8 18. O-O-O Qe6 19. Qxa6 Nb8 
20. Qa4+ Qd7 21. Qxd7+ Nxd7 22. Rxd6 Rxc2+ 23. Kd1 Rxb2 24. Bd4 Rxa2 
25. Rg3 Bc2+ 26. Kc1 Bxb3 27. Bxh8 Be6 28. Bb2 Ra5 29. f4 Ke7 30. Rd4 h4 
31. Rf3 Rc5+ 32. Kd2 Nb6 33. Rxb4 Nc4+ 34. Ke1 Nxb2 35. Rxb2 Kf6 36. Ra3 Kf5 
37. Ra4 Bd7 38. Rd4 Be6 39. Rdb4 Ra5 40. Re2 Bd7 41. Kf2 Bc6 42. Ke3 Kg4 
43. Rc2 Ra3+ 44. Kd4 Bf3 45. Ke5 Ra5+ 46. Kd6 Ra6+ 47. Ke7 f5 48. Kf8 Ra7 
49. Rcb2 Be4 50. Rf2 Ra8+ 51. Ke7 Ra7+ 52. Kf6 Ra6+ 53. Ke5 Ra5+ 54. Kf6 Ra6+ 
55. Ke5 Ra5+ 56. Kd6 Ra6+ 57. Kc5 Ra3 58. Rb8 Rf3 59. Rxf3 Kxf3 60. h3 Kxf4 
61. Rb2 1/2-1/2

[Event "Saturday 28 April Rapid Engine Tour 12+1 Rounds 9 Starts 1600ST"]
[Site "Infinity Chess"]
[Date "2018.4.28"]
[Round "7"]
[White "Medusa"]
[Black "Thinker"]
[Result "1/2-1/2"]
[ECO "C77"]
[WhiteElo "2462"]
[BlackElo "2438"]
[WhiteEngine "Eman 1.70-beta23 64-bit POPCNT"]
[BlackEngine "BrainFish_180418_x64_modern_CTG"]
[EventType "Swiss"]
[WhiteTeam ""]
[BlackTeam ""]
[PlyCount "123"]
[TimeControl "720+1"]

1. e4 e5 2. Nf3 Nc6 3. Bb5 a6 4. Ba4 Nf6 5. O-O Be7 6. Re1 b5 7. Bb3 O-O 
8. c3 d5 9. exd5 Nxd5 10. Nxe5 Nxe5 11. Rxe5 c6 12. d3 Bd6 13. Re1 Bf5 
14. Qf3 Qf6 15. Nd2 Qg6 16. Bd1 Bxd3 17. Ne4 Bxe4 18. Qxe4 Qxe4 19. Rxe4 Rae8 
20. Rxe8 Rxe8 21. Kf1 Be5 22. Be2 Nb6 23. Bf3 Rc8 24. Be3 Nc4 25. Bc1 Nb6 
26. Ke2 f5 27. Kd3 Bd6 28. Bd1 Bc5 29. Ke2 Na4 30. Bb3+ Kf8 31. h4 Rd8 
32. g3 Rd7 33. Bxa4 bxa4 34. b4 Re7+ 35. Kf3 Bd6 36. Be3 Re4 37. Ke2 g6 
38. Kd3 h5 39. Rd1 Ke7 40. f3 Re6 41. f4 Kd7 42. Bc5 Kc8 43. Kc4 Bc7 44. Kd3 Bd6 
45. Rd2 a5 46. Bxd6 Rxd6+ 47. Kc2 Re6 48. bxa5 Kb7 49. Kd3 Rd6+ 50. Kc2 Re6 
51. c4 Re3 52. Rd3 Re2+ 53. Rd2 Rxd2+ 54. Kxd2 Ka6 55. Ke3 Kxa5 56. a3 c5 
57. Kd2 Kb6 58. Ke3 Kc6 59. Kd2 Kc7 60. Ke3 Kc6 61. Kf2 Kd6 62. Kf1 1/2-1/2

[Event "Saturday 28 April Rapid Engine Tour 12+1 Rounds 9 Starts 1600ST"]
[Site "Infinity Chess"]
[Date "2018.4.28"]
[Round "7"]
[White "star99"]
[Black "Gilgamesch"]
[Result "1/2-1/2"]
[ECO "D02"]
[WhiteElo "2464"]
[BlackElo "2492"]
[WhiteEngine "Cryptic Heroes 9.4B"]
[BlackEngine "BrainFish_180408_x64_bmi2"]
[EventType "Swiss"]
[WhiteTeam ""]
[BlackTeam ""]
[PlyCount "84"]
[TimeControl "720+1"]

1. d4 d5 2. Nf3 Nf6 3. c4 e6 4. Nc3 c6 5. Bg5 h6 6. Bh4 dxc4 7. Bxf6 Qxf6 
8. e3 b5 9. a4 Bb4 10. Ne5 Bb7 11. Be2 Qe7 12. Bf3 Qc7 13. O-O O-O 14. axb5 Bxc3 
15. b6 axb6 16. bxc3 b5 17. Rxa8 Bxa8 18. Qe2 Nd7 19. Nxd7 Qxd7 20. Ra1 Qc7 
21. h4 Re8 22. Qc2 Bb7 23. h5 Qb8 24. Qe4 Kh8 25. g3 Kg8 26. Bg2 Qc7 27. Qb1 e5 
28. Ra7 exd4 29. exd4 Qb6 30. Ra1 Re6 31. Qb4 Qc7 32. Qc5 Qe7 33. Qb6 Rf6 
34. Ra7 Qe1+ 35. Kh2 Qxf2 36. Qd8+ Kh7 37. Rxb7 Qe2 38. Qe7 Qxh5+ 39. Kg1 Qd1+ 
40. Kh2 Qh5+ 41. Kg1 Qd1+ 42. Kh2 Qh5+ 1/2-1/2

[Event "Saturday 28 April Rapid Engine Tour 12+1 Rounds 9 Starts 1600ST"]
[Site "Infinity Chess"]
[Date "2018.4.28"]
[Round "7"]
[White "KRAKEN"]
[Black "Deep_Impact"]
[Result "1/2-1/2"]
[ECO "D31"]
[WhiteElo "2548"]
[BlackElo "2495"]
[WhiteEngine "Raubfisch ME262_GTZ17b2_CTG"]
[BlackEngine "asmFishW_2018-04-24_bmi2"]
[EventType "Swiss"]
[WhiteTeam ""]
[BlackTeam ""]
[PlyCount "179"]
[TimeControl "720+1"]

1. d4 d5 2. c4 e6 3. Nc3 c6 4. e3 Nf6 5. Nf3 Nbd7 6. Qc2 Bd6 7. Bd3 O-O 
8. O-O dxc4 9. Bxc4 b5 10. Be2 Bb7 11. Bd2 Rc8 12. a3 Re8 13. Rfe1 e5 
14. Rad1 a6 15. dxe5 Nxe5 16. Nxe5 Bxe5 17. f4 Bb8 18. e4 c5 19. e5 Qd4+ 
20. Kf1 Ne4 21. Nxe4 Bxe4 22. Qc3 Qd7 23. Kg1 Qc6 24. Qg3 Rcd8 25. Ba5 Rxd1 
26. Rxd1 c4 27. Bg4 f5 28. Bh5 Rc8 29. Qf2 Qb7 30. Kh1 Bc7 31. Bxc7 Qxc7 
32. e6 Bd3 33. Bf3 Qd6 34. Re1 c3 35. Qa7 Rf8 36. bxc3 Be4 37. e7 Re8 
38. Bxe4 fxe4 39. Rxe4 Qxa3 40. h3 Qd6 41. Qf2 g6 42. Qa2+ Kg7 43. Qa5 Qd3 
44. Re1 Qd2 45. Re4 Qd3 46. Re1 Qd2 47. Qa1 Kf7 48. Rf1 Qd3 49. f5 gxf5 
50. Rf3 Qe4 51. Qa2+ Kxe7 52. Qxa6 Qe1+ 53. Kh2 Qe5+ 54. Kg1 Rd8 55. Qa7+ Kf6 
56. Rf1 Rd3 57. Qxh7 Rxc3 58. Qh8+ Ke6 59. Qh5 Kf6 60. Kh1 Re3 61. Qh4+ Kg6 
62. Rc1 Rd3 63. Rc6+ Rd6 64. Rc1 Ra6 65. Qd8 Ra1 66. Qg8+ Kh6 67. Rxa1 Qxa1+ 
68. Kh2 Qe5+ 69. Kg1 b4 70. Qf8+ Kg5 71. Qxb4 Qe3+ 72. Kf1 Qd3+ 73. Ke1 Qe3+ 
74. Kd1 Kh5 75. g3 f4 76. g4+ Kh6 77. Qb7 Qd4+ 78. Kc1 Kg5 79. Qe7+ Kh6 
80. Kc2 f3 81. h4 Qc4+ 82. Kb1 Qd3+ 83. Kc1 f2 84. Qf6+ Qg6 85. Qh8+ Qh7 
86. g5+ Kg6 87. h5+ Qxh5 88. Qg8+ Kf5 89. Qf8+ Kxg5 90. Qxf2 1/2-1/2

[Event "Saturday 28 April Rapid Engine Tour 12+1 Rounds 9 Starts 1600ST"]
[Site "Infinity Chess"]
[Date "2018.4.28"]
[Round "6"]
[White "hafaba"]
[Black "ocirema"]
[Result "1/2-1/2 "]
[ECO "C77"]
[WhiteElo "2391"]
[BlackElo "2401"]
[WhiteEngine "Eman 1.70-beta21 64-bit POPCNT_CTG"]
[BlackEngine "asmFishW_2018-04-25_popcnt_CTG"]
[EventType "Swiss"]
[WhiteTeam ""]
[BlackTeam ""]
[PlyCount "201"]
[TimeControl "720+1"]

1. e4 e5 2. Nf3 Nc6 3. Bb5 a6 4. Ba4 Nf6 5. O-O Be7 6. Re1 b5 7. Bb3 O-O 
8. c3 d5 9. exd5 Nxd5 10. Nxe5 Nxe5 11. Rxe5 c6 12. d4 Bd6 13. Re1 Qh4 
14. g3 Qh3 15. Be3 Bg4 16. Qd3 Rae8 17. Nd2 Re6 18. a4 Qh5 19. axb5 axb5 
20. Nf1 Bf5 21. Qd2 Bh3 22. Bd1 Qg6 23. Bf3 Qf5 24. Qd1 h5 25. Ra6 Bb8 
26. Bh1 h4 27. Bd2 Rf6 28. Qe2 Re6 29. Qf3 Rxe1 30. Bxe1 Bf4 31. Qe4 Qc8 
32. Ra1 Re8 33. Qb1 Bxf1 34. Bxd5 Be2 35. Be4 Qh3 36. Bg2 Qe6 37. h3 Bc7 
38. Ra7 Bb8 39. Ra1 Bc7 40. Qa2 Bc4 41. Qa7 Qd7 42. Qc5 Bd5 43. Bxd5 cxd5 
44. g4 Bd6 45. Qb6 Kh7 46. Bd2 Re2 47. Be3 Qe7 48. Qxb5 Rxe3 49. Qxd5 Re6 
50. Qh5+ Rh6 51. Qf5+ g6 52. Qd3 Kg7 53. c4 g5 54. c5 Bb8 55. Qd2 Rg6 
56. Qc3 Rf6 57. d5 Qe2 58. Qe3 Qxb2 59. Rd1 Bf4 60. Qd4 Qc2 61. d6 Be5 
62. Qd2 Qxc5 63. d7 Bh2+ 64. Kg2 Bc7 65. Rc1 Qa5 66. Qxa5 Bxa5 67. Rc5 Bb6 
68. Rb5 Rxf2+ 69. Kg1 Rd2+ 70. Rxb6 Rxd7 71. Rb5 Kg6 72. Rb6+ Kg7 73. Rb5 f6 
74. Rb3 Rd2 75. Ra3 Kf7 76. Rb3 Ra2 77. Kf1 Rh2 78. Rc3 Ke6 79. Ra3 Rc2 
80. Re3+ Kf7 81. Rb3 Ke7 82. Re3+ Kd6 83. Rb3 Rd2 84. Re3 Kd5 85. Rb3 Ke4 
86. Rb4+ Kf3 87. Rb3+ Kf4 88. Ra3 Rb2 89. Rd3 Ra2 90. Rb3 Ke5 91. Rb5+ Kf4 
92. Rb3 Rh2 93. Ra3 Rb2 94. Rd3 Ke5 95. Re3+ Kd6 96. Ra3 Ke5 97. Ra5+ Ke6 
98. Ra6+ Ke7 99. Ra7+ Kf8 100. Ra1 Kf7 101. Ra3 1/2-1/2

[Event "Saturday 28 April Rapid Engine Tour 12+1 Rounds 9 Starts 1600ST"]
[Site "Infinity Chess"]
[Date "2018.4.28"]
[Round "6"]
[White "KQRBNP"]
[Black "Thinker"]
[Result "1/2-1/2"]
[ECO "D30"]
[WhiteElo "2305"]
[BlackElo "2444"]
[WhiteEngine "Eman 1.70-beta27 64-bit POPCNT"]
[BlackEngine "BrainFish_180418_x64_modern_CTG"]
[EventType "Swiss"]
[WhiteTeam ""]
[BlackTeam ""]
[PlyCount "105"]
[TimeControl "720+1"]

1. d4 d5 2. c4 e6 3. Nf3 Nf6 4. Nc3 Be7 5. Bg5 h6 6. Bxf6 Bxf6 7. e3 O-O 
8. Rc1 c6 9. Bd3 Nd7 10. O-O dxc4 11. Bxc4 e5 12. Ne4 exd4 13. Nxd4 Qe7 
14. Qf3 Bxd4 15. exd4 Nb6 16. Bb3 Be6 17. Bxe6 Qxe6 18. Nc5 Qc8 19. Rfe1 Nd5 
20. Re2 Qc7 21. Rce1 Rad8 22. h3 Qc8 23. a3 a5 24. Re5 b6 25. Na4 Rfe8 
26. Nc3 Nf6 27. g4 Rxe5 28. dxe5 Nd5 29. Rd1 Nxc3 30. Rxd8+ Qxd8 31. Qxc3 Qd5 
32. Qe3 c5 33. f4 a4 34. Kf2 g6 35. h4 Qh1 36. Kg3 Qd5 37. Kf2 Qe6 38. Kf3 Kg7 
39. Qe2 Qd5+ 40. Kg3 Kf8 41. h5 gxh5 42. gxh5 b5 43. Qf2 b4 44. axb4 cxb4 
45. Qb6 Qb3+ 46. Kh4 Qxb2 47. Qxh6+ Kg8 48. Qg5+ Kf8 49. Qd8+ Kg7 50. Qf6+ Kg8 
51. Qg5+ Kh7 52. Qf5+ Kg8 53. Qg5+ 1/2-1/2

[Event "Saturday 28 April Rapid Engine Tour 12+1 Rounds 9 Starts 1600ST"]
[Site "Infinity Chess"]
[Date "2018.4.28"]
[Round "6"]
[White "Gilgamesch"]
[Black "Dovahkiin"]
[Result "1-0"]
[ECO "C50"]
[WhiteElo "2480"]
[BlackElo "2378"]
[WhiteEngine "BrainFish_180408_x64_bmi2"]
[BlackEngine "BrainFish_180423_x64_modern_CTG"]
[EventType "Swiss"]
[WhiteTeam ""]
[BlackTeam ""]
[PlyCount "66"]
[TimeControl "720+1"]

1. e4 e5 2. Nf3 Nc6 3. Bc4 Bc5 4. O-O Nf6 5. Re1 O-O 6. d3 d6 7. c3 a5 
8. Nbd2 Be6 9. Bxe6 fxe6 10. Nb3 Bb6 11. Be3 Bxe3 12. Rxe3 a4 13. Nbd2 b5 
14. Rb1 Qe8 15. b4 Ng4 16. Re2 Qg6 17. Qf1 Rf4 18. h3 Nf6 19. Re3 Rf8 20. Rc1 d5 
21. Nh2 Nh5 22. Rf3 Rd8 23. g3 a3 24. Kh1 dxe4 25. Nxe4 Rf5 26. Re3 Nf6 
27. Rc2 Rf8 28. Ree2 Nxe4 29. dxe4 R5f7 30. Kg2 Rf4 31. Qe1 h5 32. Re3 Ne7 
33. Rce2 h4 1-0

[Event "Saturday 28 April Rapid Engine Tour 12+1 Rounds 9 Starts 1600ST"]
[Site "Infinity Chess"]
[Date "2018.4.28"]
[Round "6"]
[White "Ryzen"]
[Black "KRAKEN"]
[Result "0-1"]
[ECO "A06"]
[WhiteElo "2395"]
[BlackElo "2538"]
[WhiteEngine "Houdini 6"]
[BlackEngine "Raubfisch ME262_GTZ17b2_CTG"]
[EventType "Swiss"]
[WhiteTeam ""]
[BlackTeam ""]
[PlyCount "122"]
[TimeControl "720+1"]

1. Nf3 d5 2. Ng1 e5 3. e3 Be6 4. d4 Nd7 5. dxe5 Nxe5 6. Be2 Nf6 7. Nd2 Bd6 
8. Ngf3 Nxf3+ 9. Nxf3 Qe7 10. O-O O-O-O 11. a3 Bg4 12. Bd2 h5 13. Bb4 c5 
14. Ba5 b6 15. Bc3 Ne4 16. Qe1 Rh6 17. a4 Rg6 18. Kh1 Bxf3 19. Bxf3 Bxh2 
20. Bxe4 dxe4 21. g3 h4 22. g4 Bc7 23. Rd1 Rxg4 24. Rxd8+ Qxd8 25. Qe2 Qd7 
26. f4 Rg3 27. Rf2 g5 28. fxg5 Rxg5 29. Qf1 Rg3 30. Qe2 Kb7 31. Be1 Qh3+ 
32. Rh2 Rxe3 33. Rxh3 Rxe2 34. Bxh4 f5 35. c4 Rxb2 36. Bf6 Rc2 37. Rh7 Kc6 
38. Rh6 Kd7 39. Bg5 Rxc4 40. Rh7+ Kc6 41. Rf7 f4 42. Bxf4 Bxf4 43. Rxf4 Rxa4 
44. Rf1 b5 45. Kg2 b4 46. Kg3 b3 47. Rb1 c4 48. Kf4 Ra3 49. Kxe4 c3 50. Kd4 b2 
51. Rh1 c2 52. Rh6+ Kb5 53. Rh5+ Ka4 54. Rh7 c1=Q 55. Rxa7+ Kb5 56. Rb7+ Kc6 
57. Rc7+ Kxc7 58. Ke5 b1=Q 59. Kf6 Rf3+ 60. Ke5 Qf5+ 61. Kd4 Qcf4# 0-1

[Event "Saturday 28 April Rapid Engine Tour 12+1 Rounds 9 Starts 1600ST"]
[Site "Infinity Chess"]
[Date "2018.4.28"]
[Round "6"]
[White "KhalidOmar"]
[Black "Eman"]
[Result "1/2-1/2"]
[ECO "B90"]
[WhiteElo "2461"]
[BlackElo "2462"]
[WhiteEngine "Eman 1.70-beta27 64-bit BMI2"]
[BlackEngine "Eman 1.70-beta27 64-bit BMI2"]
[EventType "Swiss"]
[WhiteTeam ""]
[BlackTeam ""]
[PlyCount "151"]
[TimeControl "720+1"]

1. e4 c5 2. Nf3 d6 3. d4 cxd4 4. Nxd4 Nf6 5. Nc3 a6 6. Be3 e5 7. Nb3 Be6 
8. f3 Nbd7 9. g4 Be7 10. h4 O-O 11. Bh3 Nb6 12. g5 Nh5 13. Qd3 d5 14. Nxd5 Nxd5 
15. exd5 Qxd5 16. Qxd5 Bxd5 17. Bg4 Nf4 18. O-O-O Rad8 19. Bxf4 exf4 
20. Rhe1 Bb4 21. c3 Bxb3 22. axb3 Bc5 23. Bd7 Bf2 24. Rh1 h5 25. gxh6 gxh6 
26. Rh2 Bg3 27. Rg2 h5 28. b4 Kg7 29. c4 Rg8 30. c5 Kf6 31. Kc2 Bxh4 
32. Rd6+ Ke7 33. Rxg8 Rxg8 34. Bh3 Rg3 35. Bc8 Rg2+ 36. Kb3 Bf6 37. Rd7+ Ke8 
38. Rxb7 Rxb2+ 39. Ka3 Rf2 40. Bd7+ Kf8 41. Bc6 Re2 42. Be4 h4 43. c6 Re3+ 
44. Ka4 Bb2 45. b5 axb5+ 46. Rxb5 Ra3+ 47. Kb4 Ra7 48. Kc4 Bf6 49. Rh5 Ke7 
50. Kb5 Ke6 51. Bf5+ Kd5 52. Be4+ Ke6 53. Rh6 Ke7 54. Kc5 Ra3 55. Rh7 Ra7 
56. Bd3 Kd8 57. Bc4 Re7 58. Rh6 Bg5 59. Rh8+ Kc7 60. Bd5 Re5 61. Rh7 Be7+ 
62. Kc4 f5 63. Rh6 Kb6 64. Rh7 Re2 65. Rh5 Rc2+ 66. Kd3 Rc5 67. Rxf5 h3 
68. c7 Kxc7 69. Rh5 h2 70. Rxh2 Rxd5+ 71. Ke4 Rc5 72. Rh7 Kd6 73. Kxf4 Ke6 
74. Rh6+ Bf6 75. Kg4 Rg5+ 76. Kf4 1/2-1/2

[Event "Saturday 28 April Rapid Engine Tour 12+1 Rounds 9 Starts 1600ST"]
[Site "Infinity Chess"]
[Date "2018.4.28"]
[Round "6"]
[White "Murx"]
[Black "Medusa"]
[Result "1/2-1/2"]
[ECO "C77"]
[WhiteElo "2498"]
[BlackElo "2460"]
[WhiteEngine "asmFishW_2018-04-07_popcnt"]
[BlackEngine "Eman 1.70-beta23 64-bit POPCNT"]
[EventType "Swiss"]
[WhiteTeam ""]
[BlackTeam ""]
[PlyCount "123"]
[TimeControl "720+1"]

1. e4 e5 2. Nf3 Nc6 3. Bb5 a6 4. Ba4 Nf6 5. O-O Be7 6. Re1 b5 7. Bb3 O-O 
8. a4 b4 9. a5 d6 10. d3 Be6 11. Bxe6 fxe6 12. Nbd2 h6 13. c3 Rb8 14. d4 Qe8 
15. Qe2 Rb5 16. dxe5 dxe5 17. Nc4 Bc5 18. h3 Nh5 19. Kh1 g5 20. Rd1 Nf6 
21. Nh2 Nh5 22. Be3 Nf4 23. Qf1 bxc3 24. bxc3 Kg7 25. Rdb1 Bxe3 26. Nxe3 Na7 
27. g3 Ng6 28. Kg2 Qc6 29. Qd3 Nh8 30. Rd1 Nf7 31. c4 Rbb8 32. Nf3 Rbd8 
33. Qc2 h5 34. Rab1 Rh8 35. Nd2 Nc8 36. c5 Na7 37. Qc4 Rd4 38. Qe2 Nb5 
39. Rbc1 Rdd8 40. Nec4 Nd4 41. Qe3 Nf5 42. Qf3 Nd4 43. Qe3 Nf5 44. Qa3 g4 
45. Rh1 Rd4 46. hxg4 hxg4 47. Rce1 Rxh1 48. Kxh1 Rd8 49. Kg2 Nd4 50. Qb2 Qxc5 
51. Rc1 Ng5 52. Ne3 Qf8 53. Nxg4 Ndf3 54. Rxc7+ Kg6 55. Nc4 Nh4+ 56. Kh2 Ngf3+ 
57. Kh3 Ng1+ 58. Kh2 Ngf3+ 59. Kh3 Ng5+ 60. Kh2 Nhf3+ 61. Kg2 Nh4+ 62. Kh2 
1/2-1/2

[Event "Saturday 28 April Rapid Engine Tour 12+1 Rounds 9 Starts 1600ST"]
[Site "Infinity Chess"]
[Date "2018.4.28"]
[Round "6"]
[White "Deep_Impact"]
[Black "star99"]
[Result "1-0"]
[ECO "B23"]
[WhiteElo "2479"]
[BlackElo "2480"]
[WhiteEngine "asmFishW_2018-04-24_bmi2"]
[BlackEngine "Cryptic Heroes 9.4B"]
[EventType "Swiss"]
[WhiteTeam ""]
[BlackTeam ""]
[PlyCount "173"]
[TimeControl "720+1"]

1. e4 c5 2. Nc3 Nc6 3. Nge2 Nf6 4. d4 cxd4 5. Nxd4 e5 6. Ndb5 d6 7. Nd5 Nxd5 
8. exd5 Nb8 9. a4 Be7 10. Be2 O-O 11. O-O Nd7 12. Bd2 Nf6 13. Be3 a6 14. Na3 Rb8 
15. b4 b6 16. Nc4 Qc7 17. a5 bxa5 18. bxa5 Ne4 19. Qd3 f5 20. f3 Nf6 21. Nb6 e4 
22. Qc4 Qxc4 23. Bxc4 Bb7 24. Rae1 exf3 25. Rxf3 g6 26. Bg5 Rbe8 27. Rfe3 Ne4 
28. Bxe7 Rxe7 29. Bd3 Rfe8 30. c4 Kg7 31. R3e2 h5 32. Bxe4 fxe4 33. Kf2 Bc8 
34. c5 dxc5 35. Ke3 h4 36. Rc2 h3 37. Rxc5 Bg4 38. gxh3 Bxh3 39. d6 Rf7 
40. Rd5 Rd8 41. d7 Rf5 42. Rxf5 Bxf5 43. Rc1 Kf8 44. Rc7 g5 45. Kd4 Ke7 
46. Ke5 Be6 47. Nc8+ Kf7 48. Nd6+ Ke7 49. Nxe4 Rb8 50. Rc8 Rb5+ 51. Rc5 Bxd7 
52. Rxb5 axb5 53. Nxg5 Bc6 54. a6 Ba8 55. h4 b4 56. Ne4 b3 57. Nd2 b2 
58. Kd4 Bg2 59. a7 Kf7 60. Kc3 b1=Q 61. Nxb1 Ba8 62. Kb2 Kg6 63. Kb3 Kh5 
64. Kc4 Bb7 65. Kc5 Kxh4 66. Nd2 Bh1 67. Nc4 Kg5 68. Kd6 Kf6 69. Nb6 Bb7 
70. Nd7+ Kg7 71. Kc7 Ba8 72. Kb8 Bf3 73. Nc5 Kf6 74. Nb7 Ke5 75. a8=Q Kd4 
76. Qa7+ Kd3 77. Nc5+ Ke2 78. Qe7+ Kd2 79. Qe5 Kd1 80. Qe3 Bd5 81. Qd3+ Ke1 
82. Qxd5 Kf2 83. Qb3 Kg2 84. Ne4 Kf1 85. Qd3+ Ke1 86. Qd2+ Kf1 87. Qf2# 1-0

[Event "Saturday 28 April Rapid Engine Tour 12+1 Rounds 9 Starts 1600ST"]
[Site "Infinity Chess"]
[Date "2018.4.28"]
[Round "5"]
[White "KQRBNP"]
[Black "hafaba"]
[Result "1/2-1/2"]
[ECO "E10"]
[WhiteElo "2301"]
[BlackElo "2395"]
[WhiteEngine "Eman 1.70-beta27 64-bit POPCNT"]
[BlackEngine "Eman 1.70-beta21 64-bit POPCNT_CTG"]
[EventType "Swiss"]
[WhiteTeam ""]
[BlackTeam ""]
[PlyCount "109"]
[TimeControl "720+1"]

1. d4 Nf6 2. c4 e6 3. Nf3 d5 4. g3 dxc4 5. Bg2 Be7 6. O-O O-O 7. Qc2 a6 
8. a4 Bd7 9. Qxc4 Bc6 10. Bg5 Bd5 11. Qd3 Be4 12. Qe3 Nbd7 13. Nc3 Bc6 
14. Qd3 h6 15. Bxf6 Nxf6 16. e4 b6 17. Ne5 Bb7 18. Rfd1 c6 19. Rac1 Rc8 
20. Nc4 a5 21. Ne3 Qd7 22. Qc4 Rb8 23. Qe2 Rfd8 24. h4 Qe8 25. e5 Nd5 
26. Nexd5 exd5 27. Bh3 Bc8 28. Bxc8 Rbxc8 29. Kg2 Bb4 30. Qf3 Bxc3 31. bxc3 b5 
32. Ra1 Rb8 33. Rdb1 bxa4 34. Rxb8 Rxb8 35. Qd1 Qc8 36. Qxa4 Qf5 37. Qxc6 Qe4+ 
38. Kg1 Rb1+ 39. Rxb1 Qxb1+ 40. Kg2 Qe4+ 41. Kf1 Qb1+ 42. Ke2 Qc2+ 43. Kf1 Qd3+ 
44. Ke1 Kh7 45. Qd7 Qxc3+ 46. Kf1 Qa1+ 47. Ke2 Qa2+ 48. Kf3 Qb1 49. Kg2 Qe4+ 
50. Kh2 Qxd4 51. Qf5+ Kg8 52. Qc8+ Kh7 53. Qf5+ Kg8 54. Qc8+ Kh7 55. Qf5+ 
1/2-1/2

[Event "Saturday 28 April Rapid Engine Tour 12+1 Rounds 9 Starts 1600ST"]
[Site "Infinity Chess"]
[Date "2018.4.28"]
[Round "5"]
[White "Deep_Impact"]
[Black "ocirema"]
[Result "1-0 "]
[ECO "C50"]
[WhiteElo "2465"]
[BlackElo "2415"]
[WhiteEngine "asmFishW_2018-04-24_bmi2"]
[BlackEngine "asmFishW_2018-04-25_popcnt_CTG"]
[EventType "Swiss"]
[WhiteTeam ""]
[BlackTeam ""]
[PlyCount "276"]
[TimeControl "720+1"]

1. e4 e5 2. Nf3 Nc6 3. Bc4 Bc5 4. d3 Nf6 5. O-O d6 6. c3 a5 7. Re1 O-O 
8. Nbd2 Be6 9. Bb5 Ne7 10. d4 c6 11. Bd3 Bb6 12. h3 Ng6 13. a4 exd4 14. cxd4 d5 
15. e5 Nh5 16. g3 Bxh3 17. Nf1 f6 18. Nh4 Nxg3 19. Nxg6 hxg6 20. e6 Ne4 
21. Bxe4 dxe4 22. Qb3 Qxd4 23. e7+ Rf7 24. Be3 Qd5 25. Qxd5 cxd5 26. Bxb6 Rxe7 
27. Ra3 Ra6 28. Bd4 Bd7 29. Ne3 Kf7 30. Rd1 Bc6 31. Nc2 Be8 32. Bc3 Bc6 
33. Bd2 Be8 34. Bc3 Rd7 35. Ne3 Ke6 36. Rb3 f5 37. Nc2 Rc7 38. Ra3 Rc4 
39. Ne3 Rc5 40. Bd4 Rc7 41. f4 Rac6 42. Bc3 Rd6 43. Be5 Rcc6 44. Rb3 Rd7 
45. Bd4 g5 46. fxg5 f4 47. Ng2 Rf7 48. g6 Rf5 49. Bxg7 Kd7 50. Rxb7+ Kc8 
51. Re7 Bd7 52. Kf1 e3 53. Rd3 Rc1+ 54. Ne1 Rg5 55. Rc3+ Rxc3 56. Bxc3 Bxa4 
57. Ke2 Rxg6 58. Kd3 Rc6 59. Ra7 Bb5+ 60. Kd4 Rf6 61. Nf3 Rf5 62. Nh4 Rf6 
63. Kc5 d4 64. Bxd4 e2 65. Nf3 Rf5+ 66. Kd6 Bd3 67. Rc7+ Kd8 68. Re7 Kc8 
69. Bc3 a4 70. Ne5 Rf6+ 71. Kc5 Be4 72. Nc4 Rc6+ 73. Kb5 Bf3 74. Ba5 Rh6 
75. Nb6+ Kd8 76. Nd5+ Kc8 77. Nxf4 Bc6+ 78. Kc5 Bd7 79. Rxe2 Rc6+ 80. Kb4 a3 
81. bxa3 Rd6 82. Rc2+ Kb7 83. Rc7+ Ka6 84. Kc5 Rc6+ 85. Rxc6+ Bxc6 86. Bb6 Kb7 
87. Ne6 Be8 88. Nd4 Ba4 89. Nf5 Bc6 90. Nd6+ Ka6 91. Bd8 Bf3 92. Kc4 Ka7 
93. Kb3 Kb8 94. Kc4 Bd1 95. Kd3 Bb3 96. Ba5 Bd5 97. Ke3 Ba2 98. Kf4 Bb1 
99. Bb6 Bd3 100. Kf3 Bf1 101. Kg4 Bg2 102. Kf4 Bf1 103. Kg5 Bh3 104. Kf6 Bg4 
105. Kf7 Bd1 106. Kf6 Bc2 107. Kf7 Bb1 108. Kg8 Ka8 109. Kh8 Ba2 110. Kg7 Bb1 
111. Kf6 Bc2 112. Kf7 Ba4 113. Kg8 Kb8 114. Ne4 Kc8 115. Kf8 Bc6 116. Nc5 Bh1 
117. Ba5 Kb8 118. Kf7 Bd5+ 119. Ke7 Bf3 120. Kf7 Bh5+ 121. Ke6 Bd1 122. Ke5 Bf3 
123. Kd4 Ka7 124. Ke3 Bg2 125. Ke2 Bb7 126. Ke3 Bc8 127. Kd4 Bg4 128. Bc7 Bf3 
129. Kc4 Bd1 130. Kb5 Bc2 131. Ka5 Bd1 132. Bd8 Be2 133. a4 Bc4 134. Kb4 Bd5 
135. Bc7 Bb7 136. a5 Bh1 137. a6 Bg2 138. Ka5 Bc6 1-0

[Event "Saturday 28 April Rapid Engine Tour 12+1 Rounds 9 Starts 1600ST"]
[Site "Infinity Chess"]
[Date "2018.4.28"]
[Round "5"]
[White "Ryzen"]
[Black "Gilgamesch"]
[Result "1/2-1/2"]
[ECO "A05"]
[WhiteElo "2391"]
[BlackElo "2484"]
[WhiteEngine "Houdini 6"]
[BlackEngine "BrainFish_180408_x64_bmi2"]
[EventType "Swiss"]
[WhiteTeam ""]
[BlackTeam ""]
[PlyCount "124"]
[TimeControl "720+1"]

1. Nf3 Nf6 2. Ng1 e5 3. e3 d5 4. d4 exd4 5. exd4 Bd6 6. Bd3 O-O 7. Ne2 h6 
8. O-O b6 9. c3 c5 10. Bf4 Bxf4 11. Nxf4 Nc6 12. Na3 Qd6 13. Qf3 Rd8 14. Rfe1 a6 
15. Nc2 Bg4 16. Qg3 g5 17. Nh3 Qxg3 18. hxg3 Bd7 19. f3 c4 20. Be2 Re8 21. g4 b5 
22. a3 Kg7 23. Kf2 a5 24. Bd1 Ne7 25. g3 Nc8 26. Rxe8 Bxe8 27. Ne3 Bd7 
28. Bc2 Nd6 29. Ng1 Rb8 30. Ne2 Bc6 31. Nc1 Bd7 32. b4 a4 33. Ne2 Bc6 
34. Rh1 Re8 35. Re1 Bd7 36. Ng1 Rh8 37. Rc1 Re8 38. Bb1 Be6 39. Nh3 Bc8 
40. Bc2 Be6 41. Rh1 Re7 42. Bb1 Bd7 43. Ng1 Re8 44. Ne2 Bc6 45. Bc2 Bd7 
46. Nc1 Be6 47. Ne2 Bd7 48. Ng1 Re7 49. Nh3 Be6 50. Rd1 Bc8 51. Ng1 Bd7 
52. Bb1 Bc6 53. Re1 Bd7 54. Nh3 Be6 55. Bf5 Rd7 56. Bc2 Re7 57. Ng1 Bd7 
58. Rd1 Re8 59. Ne2 Bc6 60. Rh1 Bb7 61. Rh2 Bc8 62. Rh1 Bd7 1/2-1/2